 Dungeon Crawl Stone Soup version 0.30.0-21-gd299b56b3f (webtiles) character file.

Game seed: 17529076843152721274

82222 qw the Severer (level 15, -3/98 HPs)
             Began as a Gargoyle Fighter on June 2, 2023.
             Was an Elder of Okawaru.
             Slain by an ogre
             ... wielding a +0 giant club
             ... led by an orc warlord
              (4 damage)
             ... on level 2 of the Orcish Mines.
             The game lasted 00:11:40 (21580 turns).

qw the Severer (Gargoyle Fighter)                  Turns: 21580, Time: 00:11:41

Health: -3/98      AC: 46    Str: 37    XL:     15   Next: 73%
Magic:  19/22      EV: 11    Int:  8    God:    Okawaru [****..]
Gold:   740        SH: 10    Dex: 10    Spells: 14/14 levels left

rFire   x . .        v - +8 broad axe of Uncertain Death {flame, *Noise rN++ rCorr SInv}
rCold   + . .        f - +3 buckler of Orepeov {rF- Str+5 SInv}
rNeg    + + +        m - +2 plate armour {rC+}
rPois   inf          r - +2 hat
rElec   +            t - +2 ratskin cloak {*Rats rPois rN+ Str-1 Int-1 Dex+1}
rCorr   +            e - +0 pair of gloves
SInv    +            u - +2 pair of boots
Will    +....        D - amulet of faith Stlth
                     c - +6 ring of strength
HPRegen 0.36/turn    s - +4 ring of protection
MPRegen 0.18/turn

%: faith
@: about to teleport, heroic, flying
A: sickness immunity, AC +11, big wings, negative energy resistance 1,
electricity resistance, torment resistance 1, petrification resistance
a: Renounce Religion, Heroism, Finesse


You were on level 2 of the Orcish Mines.
You worshipped Okawaru.
Okawaru was greatly pleased with you.
You visited 3 branches of the dungeon, and saw 22 of its levels.
You also visited: Sewer.

You collected 2075 gold pieces.
You spent 1335 gold pieces at shops.


Innate Abilities, Weirdness & Mutations

You are immune to sickness and miasma.
Your stone body is resilient. (AC +11)
You are immune to poison.
Your large and strong wings let you fly.
You resist negative energy. (rN+)
You are resistant to electric shocks. (rElec)
You are resistant to unholy torment.
You are immune to petrification.


   Skills:
 - Level 13.0(18.0) Fighting
 - Level 17.0(22.0) Axes
 - Level 6.1(11.1) Throwing
 + Level 11.8(16.8) Armour
 - Level 3.6(8.6) Dodging
 - Level 8.1(13.1) Shields
 - Level 10.0 Invocations


You had 14 spell levels left.
You didn't know any spells.
Your spell library was empty.

Inventory:

Hand Weapons
 v - the +8 broad axe of Uncertain Death (weapon) {flame, *Noise rN++ rCorr SInv}
   (You acquired it on level 11 of the Dungeon)

   rN:        It greatly protects you from negative energy.
   SInv:      It lets you see invisible.
   *Noise:    It may make noises in combat.
   rCorr:     It protects you from acid and corrosion.
Missiles
 z - 2 silver boomerangs (quivered)
 F - 5 boomerangs
Armour
 e - a +0 pair of gloves (worn)
 f - the +3 buckler of Orepeov (worn) {rF- Str+5 SInv}
   (You found it on level 4 of the Dungeon)

   Str:       It affects your strength (+5).
   rF:        It makes you vulnerable to fire.
   SInv:      It lets you see invisible.
 m - a +2 plate armour of cold resistance (worn)
 o - a +2 buckler of reflection
 r - a +2 hat (worn)
 t - the +2 ratskin cloak (worn) {*Rats rPois rN+ Str-1 Int-1 Dex+1}
   (You found it on level 7 of the Dungeon)

   *Rats:     When the wearer is hurt, rats may emerge from it to assist them.
   Str:       It affects your strength (-1).
   Int:       It affects your intelligence (-1).
   Dex:       It affects your dexterity (+1).
   rPois:     It protects you from poison.
   rN:        It protects you from negative energy.
 u - a +2 pair of boots (worn)
 w - +0 acid dragon scales
 B - a +2 chain mail of fire resistance
Jewellery
 c - a +6 ring of strength (left hand)
 i - a ring of protection from cold
 s - a +4 ring of protection (right hand)
 y - a ring of protection from fire
 D - an amulet of faith (around neck)
 E - a ring of resist corrosion
Wands
 x - a wand of digging (8)
Scrolls
 j - 2 scrolls of teleportation
 n - 10 scrolls of identify
Potions
 a - 5 potions of haste
 b - 4 potions of attraction
 d - 6 potions of might
 g - 4 potions of lignification
 k - 19 potions of curing
 l - 2 potions of heal wounds
 p - 3 potions of mutation
 q - 2 potions of resistance
 A - 2 potions of cancellation
 C - a potion of magic

Dungeon Overview and Level Annotations

Branches:
Dungeon (15/15)            Temple (0/1) D:6            Lair (5/5) D:9
  Swamp (0/4) Lair:3       Spider (0/4) Lair:2        Slime (0/5) Lair:5
    Orc (2/2) D:9          Vaults (0/5) D:14         Depths (0/4) D:15
  Sewer (visited)
    Elf: Orc:2

Altars:
Cheibriados
Dithmenos
Elyvilon
Fedhas
Gozag
Kikubaaqudgha
Okawaru
Uskayaw
Vehumet
Xom
Yredelemnul
Jiyva

Shops:
D:4 !   D:9 [   D:14 =   Orc:2 :

Annotations:
D:7 4 transporters, qw's ghost, novice GrFi
D:14 2 transporters
Orc:2 3 runed translucent doors, qw's ghost, journeyman GrFi


Message History

The orc warlord closely misses you.
The orc warrior hits you but does no damage.
The warg bites you but does no damage.
The orc warrior shouts!
You slice the warg!! You burn the warg.
You kill the warg!
Okawaru accepts your kill.
You barely miss the orc warrior. You block the orc warrior's attack.
The orc priest miscasts a cantrip.
The orc warlord barely misses you.
You slice the orc warrior!! You burn the orc warrior!
Your broad axe of Uncertain Death says, "You're pretty alright, for a Gargoyle."
You kill the orc warrior!
Okawaru accepts your kill.
You hit the orc. You burn the orc.
You kill the orc!
You slash the orc wizard! You burn the orc wizard.
You kill the orc wizard!
Okawaru accepts your kill.
You hear a shout! x6
An orc wizard comes into view. It is wielding a +0 dagger.
The orc wizard shouts!
The ogre hits you with a +0 giant club!!
The orc warlord roars a battlecry!
The orc warrior goes into a battle-frenzy!
Items here: %% )) [[.
Enter note:
Enter note:
Enter note:
21580 ||| READING 3 scrolls of teleportation.
As you read the scroll of teleportation, it crumbles to dust.
You feel strangely unstable.
The orc wizard mumbles some strange words.
The orc wizard flickers and vanishes for a moment.
An orc warrior comes into view. It is wielding a +0 flail.
You block the orc warlord's attack.
The orc priest invokes the aid of Beogh against you.
Beogh smites you! The ogre hits you with a +0 giant club.
You die...

.....
#.##.......
..... '...o
#.#.....#..
..... #.o.#
#........#. .#
###.8.###
#.#.......# .#
.#...#.
#.##......# .#
'.o.'
#.##....... .#
#.oo#
#.#....#... .#
##oOo##
#.##.##.... .o.
. #8)@)8#
##.####....#
.... ..#
#..o).###..#
##.... .#...
....##)))##)).##
#.### .....
.......)))(.###
#.#
......8)8)###
#.# ....##.))##
#. ......()##
.......##
..#...#


You could see an orc warlord, an orc warrior (strong), an ogre, 3 orc priests,
an orc wizard (strong, invisible) and 2 orcs.

Vanquished Creatures
  Saint Roka (Orc:2)
  Gastronok (D:8)
  2 orc warlords (Orc:1)
  2 very ugly things (D:15)
  A spark wasp (shapeshifter) (D:15)
  Snorg (Lair:3)
  A rakshasa (D:15)
  Harold (D:11)
  6 hydras
  3 catoblepae (Lair:5)
  3 centaur warriors
  3 two-headed ogres
  7 death yaks (Lair:5)
  6 boulder beetles
  A tengu warrior (D:15)
  Urug (Lair:3)
  An orc high priest (Orc:2)
  Amaemon (Lair:1)
  A glowing orange brain (D:15)
  A wizard (D:15)
  3 lindwurms
  5 orc knights
  A deep elf pyromancer (D:13)
  2 necromancers (D:14)
  A wolf spider (D:15)
  13 ugly things
  3 manticores
  3 orc sorcerers
  Maurice (D:13)
  3 cyclopes
  4 black mambas
  13 elephants
  10 cane toads
  Maggie (D:6)
  A gargoyle (D:12)
  An orange demon (Lair:1)
  A kobold demonologist (D:9)
  2 rime drakes
  A freezing wraith (D:15)
  6 komodo dragons
  3 tengu conjurers
  7 trolls
  3 meliai (D:14)
  9 blink frogs
  11 slime creatures
  Sigmund (D:2)
  A spriggan (D:9)
  2 shadows
  3 wraiths
  4 basilisks
  A yak (shapeshifter) (D:15)
  27 yaks
  4 water elementals (D:11)
  6 wyverns
  Eustachio (D:6)
  Grum (D:11)
  3 steam dragons
  4 vampire mosquitoes (D:12)
  Menkaure (D:6)
  5 wargs
  3 acid dragons
  Edmund (D:6)
  12 water moccasins
  An ice beast (D:6)
  44 orc warriors
  6 ogres
  6 black bears
  2 sky beasts
  6 wolves
  8 centaurs
  3 phantoms
  Blork the orc (D:6)
  2 kobold brigands (Sewer)
  9 bullfrogs
  A gnoll sergeant (D:9)
  5 scorpions
  12 killer bees
  7 howler monkeys
  2 hounds
  2 jellies
  3 gnoll boudas
  20 orc priests
  9 iguanas
  Natasha (twice) (D:2)
  24 orc wizards
  17 gnolls
  2 river rats (Sewer)
  8 adders
  2 shadow imps (D:6)
  2 white imps (D:7)
  2 ufetubi
  3 worms
  5 dart slugs
  105 orcs
  16 ball pythons
  6 bats
  13 endoplasms
  2 giant cockroaches
  8 goblins
  5 hobgoblins
  7 jackals
  A quokka (D:2)
  3 frilled lizards
  10 kobolds
  8 rats
632 creatures vanquished.

Notes
Turn   | Place    | Note
-------+----------+-------------------------------------------
     0 | D:1      | qw the Gargoyle Fighter began the quest for the Orb.
     0 | D:1      | Reached XP level 1. HP: 14/14 MP: 1/1
     0 | D:1      | 0 ||| qw: Version: 0.2-a-102-gdf20003
     0 | D:1      | 0 ||| qw: Game counter: 810
     0 | D:1      | 0 ||| qw: Always use a shield: true
     0 | D:1      | 0 ||| qw: God list: Okawaru
     0 | D:1      | 0 ||| qw: Allow faded altars: false
     0 | D:1      | 0 ||| qw: Do Orc after D:15 true
     0 | D:1      | 0 ||| qw: Do second Lair branch before Depths: true
     0 | D:1      | 0 ||| qw: Lair rune preference: random
     0 | D:1      | 0 ||| qw: Plans: Normal, Zot:1-4, Slime:5, God:TSO, Crypt,
                  | Tomb, Pan, Hells, Abyss, Win
     0 | D:1      | 0 ||| PLANNING D:1-11
    11 | D:1      | 11 ||| Stepping ~*~*~tactically~*~*~ (hiding).
   175 | D:1      | Reached skill level 2 in Axes
   239 | D:1      | Reached XP level 2. HP: 17/19 MP: 2/2
   371 | D:1      | Reached skill level 3 in Axes
   411 | D:1      | Reached XP level 3. HP: 23/23 MP: 3/3
   413 | D:1      | 413 ||| Stepping ~*~*~tactically~*~*~ (hiding).
   414 | D:1      | 414 ||| Stepping ~*~*~tactically~*~*~ (hiding).
   981 | D:1      | 981 ||| UPGRADING to ring of willpower.
   982 | D:1      | 982 ||| DROPPING +6 ring of intelligence.
   983 | D:1      | 983 ||| READING scroll labelled TYNISE ZUPUBRA.
   984 | D:1      | 984 ||| READING 2 scrolls labelled JIRONO FOTER.
   989 | D:1      | 989 ||| READING scroll labelled REYGUP TUNIH.
  1087 | D:2      | 1087 ||| DROPPING +0 club.
  1112 | D:2      | 1112 ||| Stepping ~*~*~tactically~*~*~ (stealth).
  1146 | D:2      | 1146 ||| DROPPING +0 whip.
  1157 | D:2      | Found a faded altar of an unknown god.
  1170 | D:2      | 1170 ||| Stepping ~*~*~tactically~*~*~ (hiding).
  1249 | D:2      | Noticed Sigmund
  1250 | D:2      | 1250 ||| Stepping ~*~*~tactically~*~*~ (hiding).
  1261 | D:2      | Killed Sigmund
  1262 | D:2      | Reached skill level 5 in Axes
  1262 | D:2      | Reached XP level 4. HP: 24/28 MP: 4/4
  1262 | D:2      | Reached XP level 5. HP: 28/32 MP: 5/5
  1415 | D:2      | Noticed Natasha
  1424 | D:2      | Killed Natasha
  1425 | D:2      | Reached XP level 6. HP: 17/38 MP: 6/6
  1482 | D:2      | 1482 ||| FLEEEEING.
  1512 | D:2      | 1512 ||| Stepping ~*~*~tactically~*~*~ (hiding).
  1748 | D:2      | Noticed Natasha
  1757 | D:2      | Killed Natasha
  1758 | D:2      | Reached skill level 1 in Throwing
  2026 | D:2      | 2026 ||| Stepping ~*~*~tactically~*~*~ (hiding).
  2027 | D:2      | 2027 ||| Stepping ~*~*~tactically~*~*~ (hiding).
  2124 | D:2      | 2124 ||| DROPPING ring of magical power.
  2125 | D:2      | 2125 ||| READING scroll labelled QIKOERH GIED.
  2126 | D:2      | 2126 ||| READING scroll labelled XYEBANI AHAU.
  2127 | D:2      | 2127 ||| READING scroll labelled PUGGUD VE CEETUU.
  2128 | D:2      | 2128 ||| READING scroll labelled DOIFUPP BAUFOU.
  2259 | D:3      | 2259 ||| Stepping ~*~*~tactically~*~*~ (stealth).
  2263 | D:3      | 2263 ||| Stepping ~*~*~tactically~*~*~ (stealth).
  2416 | D:3      | 2416 ||| Stepping ~*~*~tactically~*~*~ (stealth).
  2417 | D:3      | 2417 ||| Stepping ~*~*~tactically~*~*~ (stealth).
  2561 | D:3      | Found a white marble altar of Elyvilon.
  2564 | D:3      | Found a hide-covered altar of Uskayaw.
  2586 | D:3      | Found an opulent altar of Gozag.
  2661 | D:4      | Reached skill level 1 in Dodging
  2712 | D:4      | 2712 ||| FLEEEEING.
  2738 | D:4      | Noticed a black bear
  2746 | D:4      | Killed a black bear
  2747 | D:4      | Reached XP level 7. HP: 38/43 MP: 7/7
  2768 | D:4      | Found an iron altar of Okawaru.
  2769 | D:4      | 2769 ||| PLANNING OKAWARU WORSHIP
  2776 | D:4      | Became a worshipper of Warmaster Okawaru
  2776 | D:4      | 2776 ||| PLANNING D:1-11
  2783 | D:4      | Identified the +3 buckler of Orepeov {rF- Str+5 SInv}
  2789 | D:4      | Found Awikya's Distillery.
  2797 | D:4      | 2797 ||| BUYING potion of curing (30 gold).
  2797 | D:4      | Bought a potion of curing for 30 gold pieces
  2797 | D:4      | 2797 ||| BUYING potion of curing (30 gold).
  2797 | D:4      | Bought a potion of curing for 30 gold pieces
  2797 | D:4      | 2797 ||| SHOPLISTING potion of heal wounds (50 gold, have
                  | 49).
  2797 | D:4      | 2797 ||| SHOPLISTING potion of magic (80 gold, have 49).
  2824 | D:4      | Reached skill level 6 in Axes
  2840 | D:4      | 2840 ||| FLEEEEING.
  2841 | D:4      | 2841 ||| FLEEEEING.
  2842 | D:4      | 2842 ||| FLEEEEING.
  2843 | D:4      | 2843 ||| FLEEEEING.
  2844 | D:4      | 2844 ||| FLEEEEING.
  2845 | D:4      | 2845 ||| FLEEEEING.
  2846 | D:4      | 2846 ||| FLEEEEING.
  2847 | D:4      | 2847 ||| FLEEEEING.
  2848 | D:4      | 2848 ||| FLEEEEING.
  2849 | D:4      | 2849 ||| FLEEEEING.
  2850 | D:4      | 2850 ||| FLEEEEING.
  2851 | D:4      | 2851 ||| FLEEEEING.
  2852 | D:4      | 2852 ||| FLEEEEING.
  2853 | D:4      | 2853 ||| FLEEEEING.
  2854 | D:4      | 2854 ||| FLEEEEING.
  2855 | D:4      | 2855 ||| FLEEEEING.
  2856 | D:4      | 2856 ||| FLEEEEING.
  2857 | D:4      | 2857 ||| FLEEEEING.
  2858 | D:4      | 2858 ||| FLEEEEING.
  2859 | D:4      | 2859 ||| FLEEEEING.
  2860 | D:4      | 2860 ||| FLEEEEING.
  2861 | D:4      | 2861 ||| FLEEEEING.
  2862 | D:4      | 2862 ||| FLEEEEING.
  2863 | D:4      | 2863 ||| FLEEEEING.
  2864 | D:4      | 2864 ||| FLEEEEING.
  2865 | D:4      | 2865 ||| FLEEEEING.
  2867 | D:4      | 2867 ||| FLEEEEING.
  2868 | D:4      | 2868 ||| FLEEEEING.
  2869 | D:4      | 2869 ||| STAIRDANCE
  2939 | D:3      | 2939 ||| UPGRADING to +3 buckler of Orepeov {rF- Str+5
                  | SInv}.
  2990 | D:4      | 2990 ||| Stepping ~*~*~tactically~*~*~ (stealth).
  3083 | D:4      | 3083 ||| Stepping ~*~*~tactically~*~*~ (stealth).
  3084 | D:4      | 3084 ||| Stepping ~*~*~tactically~*~*~ (stealth).
  3086 | D:4      | 3086 ||| Stepping ~*~*~tactically~*~*~ (stealth).
  3098 | D:4      | HP: 8/43 [gnoll/+0 halberd (5)]
  3099 | D:4      | 3099 ||| READING scroll of teleportation.
  3105 | D:4      | HP: 3/43 [gnoll/+0 halberd (6)]
  3283 | D:4      | 3283 ||| Stepping ~*~*~tactically~*~*~ (stealth).
  3285 | D:4      | 3285 ||| Stepping ~*~*~tactically~*~*~ (stealth).
  3364 | D:4      | 3364 ||| UPGRADING to +0 chain mail.
  3374 | D:4      | 3374 ||| DROPPING +0 scale mail.
  3375 | D:4      | 3375 ||| READING scroll labelled LYGERGHY NORR.
  3376 | D:4      | 3376 ||| READING scroll labelled TUPTIT MIQY.
  3406 | D:4      | 3406 ||| DRINKING 3 sapphire potions.
  3409 | D:5      | Entered Level 5 of the Dungeon
  3410 | D:5      | 3410 ||| PLANNING SEWER
  3437 | D:5      | 3437 ||| Stepping ~*~*~tactically~*~*~ (stealth).
  3439 | D:5      | 3439 ||| Stepping ~*~*~tactically~*~*~ (stealth).
  3449 | D:5      | Reached skill level 7 in Axes
  3466 | D:5      | Reached * piety under Okawaru
  3467 | D:5      | Reached XP level 8. HP: 32/48 MP: 8/8
  3538 | D:5      | 3538 ||| INVOKING Heroism.
  3621 | D:5      | 3621 ||| Stepping ~*~*~tactically~*~*~ (hiding).
  3625 | D:5      | 3625 ||| INVOKING Heroism.
  3636 | D:5      | 3636 ||| INVOKING Heroism.
  3837 | D:5      | 3837 ||| DROPPING +1 whip of draining.
  3850 | D:5      | Found a glowing drain.
  3856 | D:5      | 3856 ||| UPGRADING to +0 plate armour.
  3866 | D:5      | 3866 ||| DROPPING +0 chain mail.
  3867 | D:5      | 3867 ||| READING scroll labelled COIWKA GUNKYM.
  3868 | D:5      | 3868 ||| READING 2 scrolls of identify.
  3868 | D:5      | 3868 ||| IDENTIFYING bubbling cyan potion
  3885 | D:5      | 3885 ||| Stepping ~*~*~tactically~*~*~ (water).
  3896 | Sewer    | Entered a sewer
  4069 | Sewer    | Reached skill level 1 in Invocations
  4192 | Sewer    | 4192 ||| Stepping ~*~*~tactically~*~*~ (water).
  4424 | Sewer    | 4424 ||| Stepping ~*~*~tactically~*~*~ (water).
  4478 | D:5      | 4478 ||| PLANNING D:1-11
  4509 | D:5      | 4509 ||| Stepping ~*~*~tactically~*~*~ (stealth).
  4510 | D:5      | 4510 ||| INVOKING Heroism.
  4539 | D:5      | 4539 ||| Stepping ~*~*~tactically~*~*~ (stealth).
  4584 | D:5      | Reached skill level 8 in Axes
  4691 | D:5      | 4691 ||| Stepping ~*~*~tactically~*~*~ (hiding).
  4692 | D:5      | 4692 ||| Stepping ~*~*~tactically~*~*~ (hiding).
  4740 | D:5      | 4740 ||| Stepping ~*~*~tactically~*~*~ (hiding).
  4748 | D:5      | Reached skill level 3 in Invocations
  4842 | D:5      | Reached skill level 6 in Fighting
  4969 | D:5      | 4969 ||| INVOKING Heroism.
  4972 | D:5      | Reached XP level 9. HP: 33/55 MP: 8/11
  5133 | D:5      | 5133 ||| READING 2 scrolls of identify.
  5133 | D:5      | 5133 ||| IDENTIFYING coppery potion
  5134 | D:5      | 5134 ||| DROPPING potion of invisibility.
  5164 | D:6      | Noticed Edmund
  5166 | D:6      | 5166 ||| INVOKING Heroism.
  5188 | D:6      | 5188 ||| INVOKING Heroism.
  5190 | D:6      | Killed Edmund
  5327 | D:6      | 5327 ||| INVOKING Heroism.
  5331 | D:6      | HP: 10/55 [steam dragon] (12)]
  5332 | D:6      | 5332 ||| DRINKING 4 potions of heal wounds.
  5345 | D:6      | Reached skill level 9 in Axes
  5345 | D:6      | 5345 ||| Stepping ~*~*~tactically~*~*~ (cloud).
  5492 | D:6      | Found a staircase to the Ecumenical Temple.
  5526 | D:6      | 5526 ||| Stepping ~*~*~tactically~*~*~ (stealth).
  5546 | D:6      | Noticed Blork the orc
  5547 | D:6      | 5547 ||| INVOKING Heroism.
  5558 | D:6      | Killed Blork the orc
  5606 | D:6      | 5606 ||| Stepping ~*~*~tactically~*~*~ (stealth).
  5612 | D:6      | 5612 ||| Stepping ~*~*~tactically~*~*~ (stealth).
  5616 | D:6      | 5616 ||| INVOKING Heroism.
  5668 | D:6      | 5668 ||| Stepping ~*~*~tactically~*~*~ (stealth).
  5669 | D:6      | 5669 ||| Stepping ~*~*~tactically~*~*~ (stealth).
  5671 | D:6      | 5671 ||| Stepping ~*~*~tactically~*~*~ (stealth).
  5679 | D:6      | 5679 ||| INVOKING Heroism.
  5759 | D:6      | 5759 ||| Stepping ~*~*~tactically~*~*~ (stealth).
  5768 | D:6      | 5768 ||| Stepping ~*~*~tactically~*~*~ (hiding).
  5841 | D:6      | 5841 ||| Stepping ~*~*~tactically~*~*~ (stealth).
  5869 | D:6      | Noticed Eustachio
  5870 | D:6      | 5870 ||| FLEEEEING.
  5871 | D:6      | 5871 ||| INVOKING Heroism.
  5877 | D:6      | Noticed Maggie
  5884 | D:6      | Noticed Menkaure
  5893 | D:6      | Killed Maggie
  5893 | D:6      | Reached ** piety under Okawaru
  5898 | D:6      | Killed Eustachio
  5898 | D:6      | HP: 13/57 [Menkaure (13)]
  5899 | D:6      | 5899 ||| DRINKING 3 potions of heal wounds.
  5900 | D:6      | Killed Menkaure
  5901 | D:6      | Reached XP level 10. HP: 38/63 MP: 13/13
  6079 | D:6      | Found an ancient bone altar of Kikubaaqudgha.
  6211 | D:6      | 6211 ||| UPGRADING to +2 pair of boots.
  6216 | D:6      | 6216 ||| READING scroll labelled XIHOAC ZICEALI.
  6217 | D:6      | 6217 ||| READING scroll labelled OZOXUXK NUTUOT.
  6218 | D:6      | 6218 ||| READING scroll labelled ADUMYC GABB.
  6319 | D:6      | 6319 ||| DRINKING 2 clear potions.
  6320 | D:6      | 6320 ||| DRINKING 2 cyan potions.
  6321 | D:6      | 6321 ||| READING 4 scrolls of identify.
  6321 | D:6      | 6321 ||| IDENTIFYING fuming blue potion
  6322 | D:6      | 6322 ||| READING 3 scrolls of identify.
  6322 | D:6      | 6322 ||| IDENTIFYING fizzy sapphire potion
  6323 | D:6      | 6323 ||| READING 2 scrolls of identify.
  6323 | D:6      | 6323 ||| IDENTIFYING lumpy yellow potion
  6324 | D:6      | 6324 ||| DROPPING potion of degeneration.
  6445 | D:7      | Reached skill level 10 in Axes
  6643 | D:7      | 6643 ||| INVOKING Heroism.
  6669 | D:7      | Found a snail-covered altar of Cheibriados.
  6687 | D:7      | Found a transporter.
  6699 | D:7      | Found a transporter.
  6719 | D:7      | 6719 ||| INVOKING Heroism.
  6918 | D:7      | Found a radiant altar of Vehumet.
  6995 | D:7      | Found a transporter.
  6998 | D:7      | Noticed qw's ghost (novice GrFi)
  6999 | D:7      | Identified the +4 dire flail "Vonliwno" {flame, rF+ rN++
                  | Dex+6}
  6999 | D:7      | Identified the +8 dire flail of Demonic Prudence {elec,
                  | Str+2}
  6999 | D:7      | Noticed a two-headed ogre
  7000 | D:7      | Found a transporter.
  7007 | D:7      | Reached skill level 6 in Armour
  7168 | D:7      | Found the +2 ratskin cloak {*Rats rPois rN+ Str-1 Int-1
                  | Dex+1}
  7352 | D:7      | 7352 ||| UPGRADING to +0 cloak.
  7357 | D:7      | 7357 ||| UPGRADING to +2 ratskin cloak {*Rats rPois rN+
                  | Str-1 Int-1 Dex+1}.
  7367 | D:7      | 7367 ||| DROPPING +0 cloak.
  7368 | D:7      | 7368 ||| UPGRADING to +4 ring of protection.
  7369 | D:7      | 7369 ||| READING 2 scrolls of identify.
  7369 | D:7      | 7369 ||| IDENTIFYING bubbling inky potion
  7370 | D:7      | 7370 ||| DROPPING potion of flight.
  7405 | D:8      | 7405 ||| Stepping ~*~*~tactically~*~*~ (stealth).
  7408 | D:8      | 7408 ||| Stepping ~*~*~tactically~*~*~ (stealth).
  7411 | D:8      | 7411 ||| Stepping ~*~*~tactically~*~*~ (stealth).
  7412 | D:8      | 7412 ||| Stepping ~*~*~tactically~*~*~ (stealth).
  7506 | D:8      | Noticed Gastronok
  7507 | D:8      | 7507 ||| Stepping ~*~*~tactically~*~*~ (hiding).
  7512 | D:8      | 7512 ||| Stepping ~*~*~tactically~*~*~ (hiding).
  7514 | D:8      | 7514 ||| Stepping ~*~*~tactically~*~*~ (hiding).
  7516 | D:8      | 7516 ||| Stepping ~*~*~tactically~*~*~ (hiding).
  7518 | D:8      | 7518 ||| INVOKING Heroism.
  7534 | D:8      | Killed Gastronok
  7535 | D:8      | Reached skill level 9 in Fighting
  7695 | D:8      | 7695 ||| INVOKING Heroism.
  7703 | D:8      | 7703 ||| Stepping ~*~*~tactically~*~*~ (hiding).
  7752 | D:8      | 7752 ||| DROPPING +0 morningstar.
  7812 | D:8      | Found a shimmering altar of Xom.
  7816 | D:8      | Found a basalt altar of Yredelemnul.
  7820 | D:8      | 7820 ||| INVOKING Heroism.
  7838 | D:8      | Found a shadowy altar of Dithmenos.
  7880 | D:8      | 7880 ||| Stepping ~*~*~tactically~*~*~ (stealth).
  7882 | D:8      | 7882 ||| Stepping ~*~*~tactically~*~*~ (hiding).
  8116 | D:8      | 8116 ||| DROPPING +0 buckler.
  8117 | D:8      | 8117 ||| UPGRADING to +1 hat.
  8122 | D:8      | 8122 ||| READING 2 scrolls of identify.
  8122 | D:8      | 8122 ||| IDENTIFYING fizzy ruby potion
  8123 | D:8      | 8123 ||| DROPPING potion of ambrosia.
  8137 | D:9      | Noticed a two-headed ogre
  8138 | D:9      | 8138 ||| INVOKING Heroism.
  8143 | D:9      | Killed a two-headed ogre
  8170 | D:9      | 8170 ||| INVOKING Heroism.
  8219 | D:9      | Reached XP level 11. HP: 71/71 MP: 14/14
  8499 | D:9      | 8499 ||| READING 2 scrolls of teleportation.
  8500 | D:9      | Noticed a sixfirhy
  8500 | D:9      | 8500 ||| INVOKING Heroism.
  8503 | D:9      | 8503 ||| READING scroll of teleportation.
  8505 | D:9      | Reached *** piety under Okawaru
  8602 | D:9      | Found a staircase to the Lair.
  8603 | D:9      | 8603 ||| INVOKING Heroism.
  8792 | D:9      | 8792 ||| INVOKING Heroism.
  8888 | D:9      | Found a staircase to the Orcish Mines.
  8913 | D:9      | Found Mocwov's Armour Shoppe.
  8921 | D:9      | 8921 ||| SHOPLISTING +0 fire dragon scales "Yleeguyq" {rF++
                  | rC- Int+3} (1099 gold, have 368).
  8921 | D:9      | 8921 ||| BUYING +2 scale mail of cold resistance (315
                  | gold).
  8921 | D:9      | Bought a +2 scale mail of cold resistance for 315 gold
                  | pieces
  9111 | D:9      | 9111 ||| INVOKING Heroism.
  9124 | D:9      | Reached skill level 11 in Axes
  9254 | D:9      | 9254 ||| PLANNING LAIR
  9254 | D:9      | 9254 ||| DROPPING +1 hat.
  9255 | D:9      | 9255 ||| UPGRADING to +6 ring of strength.
  9257 | D:9      | 9257 ||| DROPPING ring of willpower.
  9258 | D:9      | 9258 ||| READING scroll labelled BADUYR LIYCO.
  9259 | D:9      | 9259 ||| READING scroll labelled WAJICZUS AFIM.
  9314 | Lair:1   | Entered Level 1 of the Lair of Beasts
  9317 | Lair:1   | 9317 ||| READING scroll of enchant armour.
  9317 | Lair:1   | 9317 ||| ENCHANTING +1 hat.
  9337 | Lair:1   | 9337 ||| SWAPPING to +0 broad axe.
  9338 | Lair:1   | 9338 ||| DROPPING +1 war axe.
  9425 | Lair:1   | 9425 ||| INVOKING Heroism.
  9451 | Lair:1   | Noticed a lindwurm
  9452 | Lair:1   | 9452 ||| Stepping ~*~*~tactically~*~*~ (hiding).
  9453 | Lair:1   | 9453 ||| Stepping ~*~*~tactically~*~*~ (hiding).
  9454 | Lair:1   | 9454 ||| Stepping ~*~*~tactically~*~*~ (hiding).
  9455 | Lair:1   | 9455 ||| INVOKING Heroism.
  9459 | Lair:1   | Killed a lindwurm
  9471 | Lair:1   | Noticed a lindwurm
  9472 | Lair:1   | 9472 ||| FLEEEEING.
  9475 | Lair:1   | 9475 ||| FLEEEEING.
  9476 | Lair:1   | 9476 ||| FLEEEEING.
  9483 | Lair:1   | 9483 ||| FLEEEEING.
  9484 | Lair:1   | 9484 ||| FLEEEEING.
  9485 | Lair:1   | 9485 ||| FLEEEEING.
  9489 | Lair:1   | 9489 ||| FLEEEEING.
  9490 | Lair:1   | 9490 ||| FLEEEEING.
  9491 | Lair:1   | 9491 ||| FLEEEEING.
  9492 | Lair:1   | 9492 ||| FLEEEEING.
  9493 | Lair:1   | 9493 ||| FLEEEEING.
  9494 | Lair:1   | 9494 ||| FLEEEEING.
  9495 | Lair:1   | 9495 ||| FLEEEEING.
  9496 | Lair:1   | 9496 ||| FLEEEEING.
  9497 | Lair:1   | 9497 ||| FLEEEEING.
  9498 | Lair:1   | 9498 ||| FLEEEEING.
  9499 | Lair:1   | 9499 ||| FLEEEEING.
  9500 | Lair:1   | 9500 ||| FLEEEEING.
  9501 | Lair:1   | 9501 ||| FLEEEEING.
  9503 | Lair:1   | 9503 ||| FLEEEEING.
  9504 | Lair:1   | 9504 ||| FLEEEEING.
  9505 | Lair:1   | 9505 ||| FLEEEEING.
  9506 | Lair:1   | 9506 ||| FLEEEEING.
  9507 | Lair:1   | 9507 ||| FLEEEEING.
  9508 | Lair:1   | 9508 ||| FLEEEEING.
  9509 | Lair:1   | 9509 ||| FLEEEEING.
  9510 | Lair:1   | 9510 ||| FLEEEEING.
  9514 | Lair:1   | 9514 ||| FLEEEEING.
  9515 | Lair:1   | 9515 ||| FLEEEEING.
  9516 | Lair:1   | 9516 ||| FLEEEEING.
  9517 | Lair:1   | 9517 ||| FLEEEEING.
  9518 | Lair:1   | 9518 ||| FLEEEEING.
  9519 | Lair:1   | 9519 ||| FLEEEEING.
  9521 | Lair:1   | 9521 ||| FLEEEEING.
  9522 | Lair:1   | 9522 ||| FLEEEEING.
  9523 | Lair:1   | 9523 ||| STAIRDANCE
  9612 | Lair:1   | 9612 ||| INVOKING Heroism.
  9617 | Lair:1   | Killed a lindwurm
  9830 | Lair:1   | 9830 ||| INVOKING Heroism.
 10017 | Lair:1   | Reached skill level 12 in Axes
 10407 | Lair:1   | Noticed Amaemon
 10408 | Lair:1   | 10408 ||| INVOKING Heroism.
 10427 | Lair:1   | Killed Amaemon
 10476 | Lair:1   | 10476 ||| INVOKING Heroism.
 10484 | Lair:1   | Reached skill level 6 in Shields
 10593 | Lair:1   | 10593 ||| READING 2 scrolls of identify.
 10593 | Lair:1   | 10593 ||| IDENTIFYING golden potion
 10594 | Lair:1   | 10594 ||| DROPPING potion of brilliance.
 10728 | Lair:2   | 10728 ||| INVOKING Heroism.
 10834 | Lair:2   | 10834 ||| INVOKING Heroism.
 10917 | Lair:2   | 10917 ||| INVOKING Heroism.
 10919 | Lair:2   | 10919 ||| Stepping ~*~*~tactically~*~*~ (stealth).
 10929 | Lair:2   | Reached **** piety under Okawaru
 10933 | Lair:2   | 10933 ||| INVOKING Heroism.
 10950 | Lair:2   | Reached XP level 12. HP: 66/77 MP: 15/15
 10999 | Lair:2   | 10999 ||| INVOKING Heroism.
 11430 | Lair:2   | Found a hole to the Spider Nest.
 11611 | Lair:3   | 11611 ||| Stepping ~*~*~tactically~*~*~ (hiding).
 11613 | Lair:3   | Noticed Snorg
 11614 | Lair:3   | 11614 ||| INVOKING Heroism.
 11632 | Lair:3   | Killed Snorg
 11639 | Lair:3   | 11639 ||| FLEEEEING.
 11648 | Lair:3   | 11648 ||| STAIRDANCE
 11808 | Lair:3   | Received a gift from Okawaru
 11813 | Lair:3   | 11813 ||| INVOKING Heroism.
 11820 | Lair:3   | Reached skill level 13 in Axes
 11820 | Lair:3   | Reached skill level 6 in Invocations
 11855 | Lair:3   | Noticed an eight-headed hydra
 11856 | Lair:3   | 11856 ||| INVOKING Heroism.
 11861 | Lair:3   | 11861 ||| SWAPPING to +2 hand axe of flaming.
 11869 | Lair:3   | Killed a two-headed hydra
 11870 | Lair:3   | 11870 ||| SWAPPING to +0 broad axe.
 11925 | Lair:3   | 11925 ||| Stepping ~*~*~tactically~*~*~ (stealth).
 11928 | Lair:3   | 11928 ||| Stepping ~*~*~tactically~*~*~ (stealth).
 11944 | Lair:3   | 11944 ||| INVOKING Heroism.
 11948 | Lair:3   | Received a gift from Okawaru
 11983 | Lair:3   | 11983 ||| INVOKING Heroism.
 11991 | Lair:3   | Reached skill level 9 in Armour
 12046 | Lair:3   | 12046 ||| FLEEEEING.
 12047 | Lair:3   | 12047 ||| FLEEEEING.
 12048 | Lair:3   | 12048 ||| FLEEEEING.
 12049 | Lair:3   | 12049 ||| FLEEEEING.
 12050 | Lair:3   | 12050 ||| FLEEEEING.
 12051 | Lair:3   | 12051 ||| FLEEEEING.
 12052 | Lair:3   | 12052 ||| FLEEEEING.
 12053 | Lair:3   | 12053 ||| FLEEEEING.
 12054 | Lair:3   | 12054 ||| FLEEEEING.
 12055 | Lair:3   | 12055 ||| FLEEEEING.
 12057 | Lair:3   | 12057 ||| FLEEEEING.
 12058 | Lair:3   | 12058 ||| FLEEEEING.
 12059 | Lair:3   | 12059 ||| FLEEEEING.
 12060 | Lair:3   | 12060 ||| FLEEEEING.
 12061 | Lair:3   | 12061 ||| FLEEEEING.
 12062 | Lair:3   | 12062 ||| FLEEEEING.
 12063 | Lair:3   | 12063 ||| FLEEEEING.
 12064 | Lair:3   | 12064 ||| FLEEEEING.
 12065 | Lair:3   | 12065 ||| FLEEEEING.
 12066 | Lair:3   | 12066 ||| FLEEEEING.
 12069 | Lair:3   | 12069 ||| FLEEEEING.
 12072 | Lair:3   | 12072 ||| FLEEEEING.
 12107 | Lair:3   | 12107 ||| INVOKING Heroism.
 12121 | Lair:3   | 12121 ||| Stepping ~*~*~tactically~*~*~ (stealth).
 12132 | Lair:3   | Found a staircase to the Swamp.
 12312 | Lair:3   | 12312 ||| INVOKING Heroism.
 12416 | Lair:3   | Noticed Urug
 12417 | Lair:3   | 12417 ||| INVOKING Heroism.
 12429 | Lair:3   | Killed Urug
 12536 | Lair:3   | 12536 ||| Stepping ~*~*~tactically~*~*~ (stealth).
 12734 | Lair:3   | 12734 ||| DROPPING +2 scale mail of cold resistance.
 12735 | Lair:3   | 12735 ||| UPGRADING to +2 chain mail of cold resistance.
 12776 | Lair:4   | 12776 ||| Stepping ~*~*~tactically~*~*~ (stealth).
 12777 | Lair:4   | 12777 ||| INVOKING Heroism.
 12789 | Lair:4   | 12789 ||| INVOKING Heroism.
 12811 | Lair:4   | 12811 ||| Stepping ~*~*~tactically~*~*~ (stealth).
 12812 | Lair:4   | 12812 ||| Stepping ~*~*~tactically~*~*~ (stealth).
 12899 | Lair:4   | Reached skill level 3 in Throwing
 13007 | Lair:4   | 13007 ||| Stepping ~*~*~tactically~*~*~ (stealth).
 13011 | Lair:4   | 13011 ||| Stepping ~*~*~tactically~*~*~ (stealth).
 13041 | Lair:4   | Reached XP level 13. HP: 82/82 MP: 19/19
 13211 | Lair:4   | 13211 ||| INVOKING Heroism.
 13243 | Lair:4   | 13243 ||| Stepping ~*~*~tactically~*~*~ (stealth).
 13634 | Lair:4   | 13634 ||| READING scroll labelled XIOHON IBUFF.
 13635 | Lair:4   | 13635 ||| DROPPING +2 hand axe of flaming.
 13639 | Lair:5   | Entered Level 5 of the Lair of Beasts
 13650 | Lair:5   | 13650 ||| READING scroll of enchant weapon.
 13650 | Lair:5   | 13650 ||| ENCHANTING +0 broad axe of flaming.
 13652 | Lair:5   | 13652 ||| Stepping ~*~*~tactically~*~*~ (hiding).
 13689 | Lair:5   | Found a viscous altar of Jiyva.
 13701 | Lair:5   | 13701 ||| Stepping ~*~*~tactically~*~*~ (stealth).
 13704 | Lair:5   | Reached skill level 9 in Invocations
 13707 | Lair:5   | Reached skill level 3 in Dodging
 13848 | Lair:5   | Reached ***** piety under Okawaru
 13918 | Lair:5   | Found a staircase to the Slime Pits.
 13974 | Lair:5   | 13974 ||| INVOKING Heroism.
 14012 | Lair:5   | Reached skill level 14 in Axes
 14105 | Lair:5   | 14105 ||| INVOKING Heroism.
 14171 | Lair:5   | 14171 ||| Stepping ~*~*~tactically~*~*~ (hiding).
 14174 | Lair:5   | 14174 ||| Stepping ~*~*~tactically~*~*~ (hiding).
 14377 | Lair:5   | 14377 ||| INVOKING Heroism.
 14378 | Lair:5   | 14378 ||| INVOKING Finesse.
 14478 | Lair:5   | 14478 ||| Stepping ~*~*~tactically~*~*~ (stealth).
 14480 | Lair:5   | 14480 ||| Stepping ~*~*~tactically~*~*~ (stealth).
 14483 | Lair:5   | 14483 ||| Stepping ~*~*~tactically~*~*~ (stealth).
 14484 | Lair:5   | 14484 ||| INVOKING Heroism.
 14485 | Lair:5   | 14485 ||| INVOKING Finesse.
 14508 | Lair:5   | 14508 ||| Stepping ~*~*~tactically~*~*~ (hiding).
 14556 | Lair:5   | 14556 ||| Stepping ~*~*~tactically~*~*~ (stealth).
 14598 | Lair:5   | 14598 ||| INVOKING Heroism.
 14601 | Lair:5   | 14601 ||| INVOKING Finesse.
 14633 | Lair:5   | 14633 ||| INVOKING Finesse.
 14727 | Lair:5   | 14727 ||| INVOKING Heroism.
 14728 | Lair:5   | 14728 ||| INVOKING Finesse.
 14737 | Lair:5   | Reached skill level 15 in Axes
 14972 | Lair:5   | 14972 ||| PLANNING D:1-11
 14972 | Lair:5   | 14972 ||| UPGRADING to +0 pair of gloves.
 15092 | D:10     | Entered Level 10 of the Dungeon
 15102 | D:10     | Found a blossoming altar of Fedhas.
 15104 | D:10     | 15104 ||| Stepping ~*~*~tactically~*~*~ (hiding).
 15192 | D:10     | 15192 ||| Stepping ~*~*~tactically~*~*~ (hiding).
 15193 | D:10     | 15193 ||| Stepping ~*~*~tactically~*~*~ (hiding).
 15399 | D:10     | Gained mutation: Your large and strong wings let you fly.
                  | [Gargoyle growth]
 15399 | D:10     | Reached XP level 14. HP: 90/90 MP: 21/21
 15413 | D:10     | 15413 ||| Stepping ~*~*~tactically~*~*~ (hiding).
 15434 | D:10     | Received a gift from Okawaru
 15554 | D:10     | 15554 ||| Stepping ~*~*~tactically~*~*~ (hiding).
 15785 | D:10     | 15785 ||| READING 8 scrolls of identify.
 15785 | D:10     | 15785 ||| IDENTIFYING inky potion
 15878 | D:11     | Noticed Harold
 15886 | D:11     | Killed Harold
 15892 | D:11     | 15892 ||| Stepping ~*~*~tactically~*~*~ (hiding).
 15932 | D:11     | 15932 ||| Stepping ~*~*~tactically~*~*~ (hiding).
 15985 | D:11     | 15985 ||| READING 2 scrolls of enchant weapon.
 15985 | D:11     | 15985 ||| ENCHANTING +1 broad axe of flaming.
 15986 | D:11     | 15986 ||| READING scroll of enchant weapon.
 15986 | D:11     | 15986 ||| ENCHANTING +2 broad axe of flaming.
 16072 | D:11     | Noticed Grum
 16073 | D:11     | 16073 ||| INVOKING Heroism.
 16074 | D:11     | 16074 ||| INVOKING Finesse.
 16077 | D:11     | Killed Grum
 16190 | D:11     | Reached skill level 12 in Fighting
 16353 | D:11     | Found a frozen archway.
 16687 | D:11     | 16687 ||| PLANNING D
 16687 | D:11     | 16687 ||| UPGRADING to +2 chain mail of fire resistance.
 16697 | D:11     | 16697 ||| READING scroll labelled FYAMEJE JOHIHAELIWN.
 16697 | D:11     | Identified a scroll of acquirement
 16697 | D:11     | 16697 ||| ACQUIRING +8 broad axe of Uncertain Death {flame,
                  | *Noise rN++ rCorr SInv}
 16697 | D:11     | Acquired the +8 broad axe of Uncertain Death {flame, *Noise
                  | rN++ rCorr SInv}
 16699 | D:11     | 16699 ||| SWAPPING to +8 broad axe of Uncertain Death
                  | {flame, *Noise rN++ rCorr SInv}.
 16700 | D:11     | 16700 ||| DROPPING +3 broad axe of flaming.
 16746 | D:12     | 16746 ||| Stepping ~*~*~tactically~*~*~ (stealth).
 16748 | D:12     | 16748 ||| Stepping ~*~*~tactically~*~*~ (stealth).
 16981 | D:12     | 16981 ||| Stepping ~*~*~tactically~*~*~ (hiding).
 16983 | D:12     | 16983 ||| Stepping ~*~*~tactically~*~*~ (hiding).
 16984 | D:12     | 16984 ||| Stepping ~*~*~tactically~*~*~ (hiding).
 16985 | D:12     | 16985 ||| Stepping ~*~*~tactically~*~*~ (hiding).
 16987 | D:12     | 16987 ||| Stepping ~*~*~tactically~*~*~ (hiding).
 17118 | D:12     | Identified the +2 trident of the Other Side {flame, *Slow
                  | rCorr Int+4 Stlth+}
 17159 | D:12     | Identified the +0 chain mail "Necanuit" {Int+3}
 17251 | D:12     | 17251 ||| DROPPING +0 chain mail "Necanuit" {Int+3}.
 17252 | D:12     | 17252 ||| DROPPING amulet of magic regeneration.
 17316 | D:13     | 17316 ||| Stepping ~*~*~tactically~*~*~ (stealth).
 17318 | D:13     | 17318 ||| Stepping ~*~*~tactically~*~*~ (hiding).
 17325 | D:13     | 17325 ||| INVOKING Heroism.
 17328 | D:13     | 17328 ||| INVOKING Finesse.
 17332 | D:13     | 17332 ||| Stepping ~*~*~tactically~*~*~ (hiding).
 17334 | D:13     | 17334 ||| Stepping ~*~*~tactically~*~*~ (hiding).
 17335 | D:13     | 17335 ||| Stepping ~*~*~tactically~*~*~ (hiding).
 17419 | D:13     | 17419 ||| INVOKING Heroism.
 17480 | D:13     | 17480 ||| INVOKING Heroism.
 17481 | D:13     | 17481 ||| READING 3 scrolls of teleportation.
 17519 | D:13     | 17519 ||| INVOKING Heroism.
 17567 | D:13     | 17567 ||| INVOKING Heroism.
 17582 | D:13     | 17582 ||| INVOKING Heroism.
 17609 | D:13     | Noticed Maurice
 17612 | D:13     | Killed Maurice
 17774 | D:13     | 17774 ||| INVOKING Heroism.
 17782 | D:13     | Reached skill level 16 in Axes
 17898 | D:13     | 17898 ||| Stepping ~*~*~tactically~*~*~ (stealth).
 17970 | D:13     | 17970 ||| Stepping ~*~*~tactically~*~*~ (hiding).
 17971 | D:13     | 17971 ||| Stepping ~*~*~tactically~*~*~ (hiding).
 17977 | D:13     | Received a gift from Okawaru
 18009 | D:13     | 18009 ||| Stepping ~*~*~tactically~*~*~ (hiding).
 18237 | D:14     | 18237 ||| Stepping ~*~*~tactically~*~*~ (stealth).
 18238 | D:14     | 18238 ||| INVOKING Heroism.
 18287 | D:14     | 18287 ||| Stepping ~*~*~tactically~*~*~ (stealth).
 18342 | D:14     | 18342 ||| INVOKING Heroism.
 18429 | D:14     | 18429 ||| INVOKING Heroism.
 18599 | D:14     | Found a gate to the Vaults.
 18600 | D:14     | 18600 ||| Stepping ~*~*~tactically~*~*~ (hiding).
 18606 | D:14     | Reached skill level 6 in Throwing
 18789 | D:14     | Found a transporter.
 18831 | D:14     | Found Xacw's Jewellery Shoppe.
 18834 | D:14     | 18834 ||| BUYING amulet of faith (640 gold).
 18834 | D:14     | Bought an amulet of faith for 640 gold pieces
 18834 | D:14     | 18834 ||| SHOPLISTING amulet of the acrobat (480 gold, have
                  | 387).
 18834 | D:14     | 18834 ||| SHOPLISTING ring of Generosity {Wiz rPois rCorr
                  | Str-5 Stlth-} (558 gold, have 387).
 18834 | D:14     | 18834 ||| SHOPLISTING ring of fire (400 gold, have 387).
 18834 | D:14     | 18834 ||| BUYING ring of resist corrosion (320 gold).
 18834 | D:14     | Bought a ring of resist corrosion for 320 gold pieces
 18834 | D:14     | 18834 ||| SHOPLISTING ring of see invisible (240 gold, have
                  | 67).
 18944 | D:14     | 18944 ||| INVOKING Heroism.
 18949 | D:14     | 18949 ||| INVOKING Finesse.
 19118 | D:14     | Noticed a stone giant
 19141 | D:14     | Found a transporter.
 19182 | D:14     | 19182 ||| UPGRADING to amulet of faith.
 19193 | D:15     | Entered Level 15 of the Dungeon
 19196 | D:15     | 19196 ||| INVOKING Heroism.
 19204 | D:15     | Reached XP level 15. HP: 96/96 MP: 20/22
 19256 | D:15     | 19256 ||| Stepping ~*~*~tactically~*~*~ (stealth).
 19294 | D:15     | 19294 ||| Stepping ~*~*~tactically~*~*~ (hiding).
 19296 | D:15     | 19296 ||| Stepping ~*~*~tactically~*~*~ (hiding).
 19298 | D:15     | 19298 ||| Stepping ~*~*~tactically~*~*~ (hiding).
 19389 | D:15     | 19389 ||| Stepping ~*~*~tactically~*~*~ (stealth).
 19390 | D:15     | 19390 ||| Stepping ~*~*~tactically~*~*~ (stealth).
 19391 | D:15     | 19391 ||| Stepping ~*~*~tactically~*~*~ (stealth).
 19392 | D:15     | 19392 ||| INVOKING Heroism.
 19394 | D:15     | 19394 ||| Stepping ~*~*~tactically~*~*~ (stealth).
 19395 | D:15     | 19395 ||| Stepping ~*~*~tactically~*~*~ (stealth).
 19400 | D:15     | Paralysed by an orc sorcerer for 5 turns
 19409 | D:15     | HP: 24/96 [orc knight/+1 battleaxe (35)]
 19410 | D:15     | 19410 ||| READING 4 scrolls of teleportation.
 19411 | D:15     | 19411 ||| DRINKING 6 potions of heal wounds.
 19687 | D:15     | 19687 ||| INVOKING Heroism.
 19714 | D:15     | 19714 ||| Stepping ~*~*~tactically~*~*~ (stealth).
 19715 | D:15     | 19715 ||| Stepping ~*~*~tactically~*~*~ (stealth).
 19716 | D:15     | 19716 ||| Stepping ~*~*~tactically~*~*~ (stealth).
 19717 | D:15     | 19717 ||| Stepping ~*~*~tactically~*~*~ (stealth).
 19718 | D:15     | 19718 ||| Stepping ~*~*~tactically~*~*~ (stealth).
 19829 | D:15     | Received a gift from Okawaru
 19846 | D:15     | 19846 ||| Stepping ~*~*~tactically~*~*~ (stealth).
 19857 | D:15     | 19857 ||| FLEEEEING.
 19858 | D:15     | 19858 ||| FLEEEEING.
 19859 | D:15     | 19859 ||| FLEEEEING.
 19860 | D:15     | 19860 ||| FLEEEEING.
 19861 | D:15     | 19861 ||| FLEEEEING.
 19862 | D:15     | 19862 ||| FLEEEEING.
 19863 | D:15     | 19863 ||| FLEEEEING.
 19864 | D:15     | 19864 ||| FLEEEEING.
 19865 | D:15     | 19865 ||| FLEEEEING.
 19870 | D:15     | 19870 ||| INVOKING Heroism.
 20006 | D:15     | 20006 ||| Stepping ~*~*~tactically~*~*~ (stealth).
 20007 | D:15     | 20007 ||| Stepping ~*~*~tactically~*~*~ (stealth).
 20008 | D:15     | 20008 ||| INVOKING Heroism.
 20027 | D:15     | Reached skill level 17 in Axes
 20131 | D:15     | Found a staircase to the Depths.
 20223 | D:15     | 20223 ||| PLANNING ORC
 20223 | D:15     | 20223 ||| READING 11 scrolls of identify.
 20223 | D:15     | 20223 ||| IDENTIFYING glowing golden potion
 20354 | Orc:1    | Entered Level 1 of the Orcish Mines
 20355 | Orc:1    | 20355 ||| INVOKING Heroism.
 20369 | Orc:1    | Received a gift from Okawaru
 20445 | Orc:1    | 20445 ||| Stepping ~*~*~tactically~*~*~ (stealth).
 20487 | Orc:1    | 20487 ||| Stepping ~*~*~tactically~*~*~ (hiding).
 20491 | Orc:1    | 20491 ||| Stepping ~*~*~tactically~*~*~ (hiding).
 20510 | Orc:1    | Noticed an orc warlord
 20511 | Orc:1    | 20511 ||| Stepping ~*~*~tactically~*~*~ (hiding).
 20513 | Orc:1    | 20513 ||| INVOKING Heroism.
 20514 | Orc:1    | 20514 ||| INVOKING Finesse.
 20525 | Orc:1    | Killed an orc warlord
 20639 | Orc:1    | Noticed an orc warlord
 20640 | Orc:1    | 20640 ||| Stepping ~*~*~tactically~*~*~ (hiding).
 20645 | Orc:1    | 20645 ||| INVOKING Heroism.
 20647 | Orc:1    | 20647 ||| INVOKING Finesse.
 20654 | Orc:1    | Killed an orc warlord
 20862 | Orc:1    | 20862 ||| Stepping ~*~*~tactically~*~*~ (hiding).
 20924 | Orc:1    | 20924 ||| DROPPING +0 plate armour.
 20925 | Orc:1    | 20925 ||| UPGRADING to +2 plate armour of cold resistance.
 20935 | Orc:1    | 20935 ||| DROPPING +2 chain mail of cold resistance.
 20963 | Orc:2    | Entered Level 2 of the Orcish Mines
 20964 | Orc:2    | 20964 ||| INVOKING Heroism.
 20968 | Orc:2    | Noticed Saint Roka
 20977 | Orc:2    | HP: 22/98 [Saint Roka/divine providence (12)]
 20978 | Orc:2    | 20978 ||| READING 4 scrolls of teleportation.
 20979 | Orc:2    | 20979 ||| DRINKING 6 potions of heal wounds.
 20979 | Orc:2    | HP: 9/98 [orc knight/+0 war axe (29)]
 20980 | Orc:2    | 20980 ||| DRINKING 5 potions of heal wounds.
 20981 | Orc:2    | 20981 ||| DRINKING 4 potions of heal wounds.
 20983 | Orc:2    | 20983 ||| DRINKING 3 potions of heal wounds.
 21177 | Orc:2    | 21177 ||| INVOKING Heroism.
 21195 | Orc:2    | Received a gift from Okawaru
 21329 | Orc:2    | Found a runed translucent gate.
 21329 | Orc:2    | Found a runed translucent gate.
 21329 | Orc:2    | Found a runed translucent gate.
 21333 | Orc:2    | Noticed qw's ghost (journeyman GrFi)
 21338 | Orc:2    | Found an iron altar of Okawaru.
 21405 | Orc:2    | Found Ogri's Book Boutique.
 21408 | Orc:2    | 21408 ||| DRINKING 20 potions of curing.
 21408 | Orc:2    | 21408 ||| (to cure confusion)
 21508 | Orc:2    | 21508 ||| Stepping ~*~*~tactically~*~*~ (stealth).
 21509 | Orc:2    | 21509 ||| Stepping ~*~*~tactically~*~*~ (stealth).
 21513 | Orc:2    | 21513 ||| Stepping ~*~*~tactically~*~*~ (hiding).
 21517 | Orc:2    | 21517 ||| INVOKING Heroism.
 21518 | Orc:2    | 21518 ||| INVOKING Finesse.
 21524 | Orc:2    | 21524 ||| Stepping ~*~*~tactically~*~*~ (hiding).
 21539 | Orc:2    | Killed Saint Roka
 21539 | Orc:2    | Received a gift from Okawaru
 21558 | Orc:2    | 21558 ||| INVOKING Heroism.
 21567 | Orc:2    | Noticed an orc warlord
 21579 | Orc:2    | HP: 13/98 [ogre/+0 giant club[an orc warlord] (19)]
 21580 | Orc:2    | 21580 ||| READING 3 scrolls of teleportation.
 21580 | Orc:2    | HP: 1/98 [orc priest/divine providence (12)]
 21580 | Orc:2    | Slain by an ogre

Levels and vault maps discovered:
D:1:      evilmike_arrival_grusome_pit, layout_basic
D:2:      layout_basic, nicolae_ecumenical_snake_handling, uniq_sigmund,
          uniq_natasha
D:3:      layout_rooms, gammafunk_temple_overflow_forgotten
D:4:      layout_basic, mainiacjoe_overflow_surrounded_room, serial_shops,
          nicolae_shop_getting_attention
D:5:      layout_loops_ring, cheibrodos_sewer_entry_bend
D:6:      layout_rooms, nicolae_kikubaaqudgha_miasma_corner,
          minmay_temple_entry_nine_rooms, minmay_fractal_squares_5,
          uniq_menkaure, uniq_blork_the_orc, uniq_edmund, uniq_maggie,
          uniq_eustachio
D:7:      gammafunk_steamed_eel, layout_basic, vehumet_crystals,
          mainiacjoe_overflow_tiny_flanked, gammafunk_ghost_smash
D:8:      layout_rooms, minitemple, special_room [special_room_orc],
          uniq_gastronok
D:9:      layout_long_grid, grunt_lair_entry_orc_guard_hut, orc_0_dummy,
          serial_shops, shop, the_hattery
D:10:     layout_basic, fedhas_bush_and_centaur_altar, hangedman_decor_opposing
D:11:     layout_loops_ring, portal_ice_cave_entry_pillars_2,
          nicolae_underground_beach, uniq_harold, uniq_grum
D:12:     layout_rooms, nrook_campfire
D:13:     layout_roguey, uniq_maurice
D:14:     gammafunk_beogh_shrine, layout_irregular_city, david_vaults_1,
          serial_shops, nicolae_shop_real_fake_doors
D:15:     gammafunk_enter_depths_forms, layout_basic
Lair:1:   layout_cave_pods, nicolae_lair_lindhole, uniq_amaemon
Lair:2:   layout_roguey, spider_nest_entry_web_field, serial_rivers,
          chequers_serial_rivers_micro_e, chequers_serial_rivers_micro_d,
          chequers_serial_rivers_micro_c, chequers_serial_rivers_micro_e,
          chequers_serial_rivers_micro_c, chequers_serial_rivers_small_3
Lair:3:   layout_roguey, minmay_swamp_entry_reptiles, uniq_snorg, uniq_urug
Lair:4:   layout_regular_city, serial_bayou_pond_b, serial_bayou_lagoon_b,
          grunt_megastairs_1
Lair:5:   evilmike_catoblepas_cave, layout_concentric_octagons, slime_entry_1
Orc:1:    layout_diamond_mine, lightli_orcish_oven
Orc:2:    grunt_orc_community_town_hall, layout_caves,
          grunt_orc_community_big_house_1, grunt_orc_community_big_house_2,
          grunt_orc_community_house_2, grunt_orc_community_house_2,
          grunt_orc_community_house_2, grunt_orc_community_house_1,
          gammafunk_ghost_fury_of_okawaru, basic_altar, uniq_saint_roka

Skill      XL: |  1  2  3  4  5  6  7  8  9 10 11 12 13 14 15 |
---------------+----------------------------------------------+-----
Axes           | 2 3 5 7 8 9 10 12 13 15 16 17 | 17.0
Throwing       | 1 2 3 4 6 |  6.1
Fighting       | 4 6 7 9 10 11 12 13 | 13.0
Dodging        | 1 2 3 |  3.6
Armour         | 4 5 7 8 9 10 11 | 11.8
Invocations    | 3 4 8 10 | 10.0
Shields        | 4 5 6 7 8 |  8.1

Action                     |  1- 3 |  4- 6 |  7- 9 | 10-12 | 13-15 || total
---------------------------+-------+-------+-------+-------+-------++-------
  Melee: War axe           |    92 |   115 |   394 |   228 |       ||   829
         Broad axe         |       |       |       |   314 |   703 ||  1017
         Hand axe          |       |       |       |     8 |       ||     8
  Throw: Javelin           |       |     8 |       |    15 |    59 ||    82
         Boomerang         |       |       |    26 |    71 |    98 ||   195
 Invoke: Heroism           |       |       |    12 |    32 |    31 ||    75
         Finesse           |       |       |       |       |    11 ||    11
    Use: Scroll            |     3 |     4 |     6 |    14 |    11 ||    38
         Potion            |       |       |     3 |     2 |     6 ||    11
 Armour: Scale mail        |    45 |    77 |    33 |       |       ||   155
         Chain mail        |       |       |    25 |    11 |   308 ||   344
         Plate armour      |       |       |   140 |   290 |    56 ||   486
  Dodge: Dodged            |    42 |    62 |   142 |   186 |   199 ||   631
  Block: Buckler           |    11 |    21 |   156 |   207 |   203 ||   598

Table legend:
 A = Non-vault XP
 B = Vault XP
 C = Vault XP percentage of total XP
 D = Non-vault monster count
 E = Vault monster count
 F = Vault count percentage of total count
                 A         B        C        D         E       F
            +---------+---------+-------+---------+---------+-------
      Total |   78862 |   38599 |  32.9 |     445 |     187 |  29.6
            +---------+---------+-------+---------+---------+-------
        D:1 |      49 |       0 |   0.0 |      24 |       0 |   0.0
        D:2 |      52 |     267 |  83.7 |      11 |       5 |  31.2
        D:3 |      59 |       0 |   0.0 |      20 |       0 |   0.0
        D:4 |     473 |       0 |   0.0 |      27 |       0 |   0.0
        D:5 |    1165 |      10 |   0.9 |      24 |       2 |   7.7
        D:6 |    1213 |    1161 |  48.9 |      17 |      13 |  43.3
        D:7 |     673 |       0 |   0.0 |      13 |       0 |   0.0
        D:8 |     948 |    1832 |  65.9 |      14 |      16 |  53.3
        D:9 |    2477 |     658 |  21.0 |      20 |       5 |  20.0
       D:10 |    1831 |     119 |   6.1 |      15 |       1 |   6.2
       D:11 |    3341 |    2240 |  40.1 |      21 |       9 |  30.0
       D:12 |    2808 |       0 |   0.0 |      11 |       0 |   0.0
       D:13 |   11349 |     532 |   4.5 |      25 |       1 |   3.8
       D:14 |    7714 |    2005 |  20.6 |      15 |       3 |  16.7
       D:15 |    7310 |    6717 |  47.9 |      20 |      11 |  35.5
     Lair:1 |    2113 |    2492 |  54.1 |      10 |       4 |  28.6
     Lair:2 |    3850 |       0 |   0.0 |      13 |       0 |   0.0
     Lair:3 |    8375 |    2225 |  21.0 |      22 |       6 |  21.4
     Lair:4 |    3060 |     553 |  15.3 |      12 |       2 |  14.3
     Lair:5 |    7897 |   11579 |  59.5 |      22 |      23 |  51.1
      Orc:1 |    6936 |      15 |   0.2 |      53 |       5 |   8.6
      Orc:2 |    5169 |    5903 |  53.3 |      36 |      53 |  59.6
      Sewer |       0 |     291 | 100.0 |       0 |      28 | 100.0
            +---------+---------+-------+---------+---------+-------
